 Dungeon Crawl Stone Soup version 0.29.1-2-gbd0b4ee654 (webtiles) character file.

Game seed: 12281197886299025080

1251 Icepheonix32 the Covered (level 8, -3/76 (78) HPs)
             Began as a Minotaur Fighter on Oct 27, 2022.
             Slain by a wight
             ... wielding a +2 halberd
              (5 damage)
             ... on level 6 of the Dungeon.
             The game lasted 00:05:24 (4837 turns).

Icepheonix32 the Covered (Minotaur Fighter)         Turns: 4837, Time: 00:05:25

HP:   -3/76 (78)    AC: 17    Str: 21    XL:     8   Next: 26%
MP:   7/7           EV: 10    Int:  4    God:
Gold: 285           SH:  5    Dex: 15    Spells: 7/7 levels left

rFire   . . .      SeeInvis .   r - +3 hammer (protect)
rCold   . . .      Faith    .   c - +0 buckler
rNeg    . . .      Spirit   .   b - +0 scale mail
rPois   .          Reflect  .   (helmet restricted)
rElec   .          Harm     .   q - +1 cloak {rCorr}
rCorr   +          Rampage  .   (no gloves)
Will    +....      Clarity  +   (no boots)
Stlth   ..........              (no amulet)
HPRegen 0.22/turn               k - ring of willpower
MPRegen 0.10/turn               (no ring)

@: under a protective aura, attractive, lightly drained
A: horns 2, retaliatory headbutt, agile 1, clarity, robust 1
a: no special abilities


You were on level 6 of the Dungeon.
You visited 1 branch of the dungeon, and saw 6 of its levels.

You collected 300 gold pieces.
You spent 15 gold pieces at shops.

Inventory:

Hand Weapons
 p - a +3 quarterstaff of chaos
 r - a +3 hammer of protection (weapon)
 u - a +3 mace of protection
 w - a +3 short sword of venom
Missiles
 s - 6 javelins (quivered)
 x - 2 atropa-tipped darts
 F - 3 boomerangs
Armour
 b - a +0 scale mail (worn)
 c - a +0 buckler (worn)
 f - +0 steam dragon scales
 q - a +1 cloak of preservation (worn)
Jewellery
 k - a ring of willpower (left hand)
 D - an amulet of faith
Wands
 C - a wand of polymorph (15)
 E - a wand of paralysis (10)
Scrolls
 e - 2 scrolls of noise
 i - a scroll of enchant weapon
 m - a scroll of fear
 n - a scroll of silence {unknown}
 o - 2 scrolls of magic mapping
 y - a scroll of enchant armour
Potions
 a - a potion of magic
 d - a potion of heal wounds
 g - a potion of brilliance
 h - 2 potions of curing
 j - a potion of attraction
 l - 2 potions of haste
 t - a potion of cancellation
 A - a potion of ambrosia


   Skills:
 * Level 6.8 Fighting
 - Level 3.4(5.2) Axes
 + Level 6.0(6.5) Maces & Flails
 + Level 7.2 Armour
 + Level 2.5 Dodging
 + Level 0.4 Stealth
 + Level 5.1 Shields


You had 7 spell levels left.
You didn't know any spells.
Your spell library was empty.

Dungeon Overview and Level Annotations

Branches:
Dungeon (6/15)
 Temple: D:4-7

Altars:

Shops:
D:1 ((?*   D:6 !((*


Innate Abilities, Weirdness & Mutations

You have a pair of horns on your head.
You reflexively headbutt those who attack you in melee.
You are agile. (Dex +4, Str/Int -1)
You possess an exceptional clarity of mind.
You are robust. (+10% HP)


Message History

You are too injured to fight recklessly!
You are too injured to fight recklessly!
You are too injured to fight recklessly!
You are too injured to fight recklessly!
You are too injured to fight recklessly!
Unknown command.
You hit the wight.
You destroy the wight!
You block the wight's attack.
Your life force feels restored.
Your Maces & Flails skill increases to level 6!
The ogre barely misses you.
The wight hits you from afar with a +2 halberd!
* * * LOW HITPOINT WARNING * * *
Things that are here:
a +2 great sword; a +0 robe Unknown command.
You hit the ogre.
The ogre is lightly wounded.
The ogre barely misses you.
Unknown command.
You barely miss the ogre. You headbutt the ogre.
The ogre is lightly wounded.
Unknown command.
It was a potion of attraction.
You feel attractive to monsters. The ogre barely misses you.
You block the wight's attack. The ice beast is attracted toward you.
Okay, then.
You feel much better. The wight barely misses you. You block the ogre's attack.
You hit the ogre but do no damage.
The ogre is lightly wounded.
The wight hits you from afar with a +2 halberd!
You feel drained.
The ogre hits you with a +0 giant club!!
* * * LOW HITPOINT WARNING * * *
You sock the ogre!
The ogre is heavily wounded.
The wight hits you from afar with a +2 halberd.
You die...

#.......## ....<
###......... . ....
..........## ). ...
............ ..#.. #..)).#
#...## ♣♣♣♣♣♣♣♣♣#.)..##
.Y.# ♣.......♣#....#
#z##♣.⌠.8.∩.♣#..#.##
###zO@...........##..#
...#≈≈≈≈≈≈≈≈≈≈≈≈≈≈≈≈≈≈≈..
...z≈≈≈≈≈≈≈≈≈≈≈≈≈≈≈≈≈≈≈..
....####....†.............
... #.#♣.∩.8.⌠.♣##..... ..
#.#♣.......♣ #..... #
#.#♣♣♣♣♣♣♣♣♣ #.....
#.####### # ##....
#.#...... . .#....


You could see an ice beast, an ogre and 3 wights.

Vanquished Creatures
  A steam dragon (D:6)
  Edmund (D:6)
  2 ice beasts
  An ogre (D:5)
  A scorpion (D:5)
  A necrophage (D:6)
  A gnoll sergeant (D:5)
  A wight (D:6)
  2 jellies (D:5)
  An orc priest (D:6)
  3 hounds
  Crazy Yiuf (D:2)
  3 iguanas
  2 orc wizards (D:6)
  3 gnolls (D:5)
  6 adders
  An ufetubus (D:6)
  3 dart slugs
  4 orcs
  13 ball pythons
  8 endoplasms
  A giant cockroach (D:1)
  10 goblins
  4 hobgoblins
  8 quokkas
  5 bats
  8 kobolds
  8 rats
103 creatures vanquished.

Notes
Turn   | Place    | Note
-------+----------+-------------------------------------------
     0 | D:1      | Icepheonix32 the Minotaur Fighter began the quest for the
                  | Orb.
     0 | D:1      | Reached XP level 1. HP: 19/19 MP: 0/0
   127 | D:1      | Found a faded altar of an unknown god.
   137 | D:1      | Reached XP level 2. HP: 22/27 MP: 1/1
   327 | D:1      | Reached skill level 4 in Armour
   366 | D:1      | Found Muluiff's General Store.
   375 | D:1      | Found Igafufot's Magic Scroll Emporium.
   412 | D:1      | Found Wetotit's Antique Weapon Emporium.
   423 | D:1      | Found Domimuch's Weapon Shoppe.
   586 | D:2      | Reached XP level 3. HP: 29/34 MP: 2/2
  1141 | D:2      | Found a runed translucent door.
  1142 | D:2      | Noticed Crazy Yiuf
  1284 | D:2      | Killed Crazy Yiuf
  1285 | D:2      | Reached XP level 4. HP: 41/41 MP: 3/3
  1962 | D:3      | Reached skill level 1 in Maces & Flails
  2364 | D:4      | Reached XP level 5. HP: 39/47 MP: 4/4
  2618 | D:4      | Reached skill level 5 in Armour
  3052 | D:5      | Entered Level 5 of the Dungeon
  3086 | D:5      | Reached skill level 5 in Fighting
  3087 | D:5      | Reached XP level 6. HP: 9/56 MP: 5/5
  3626 | D:5      | Reached skill level 1 in Dodging
  3879 | D:5      | Noticed an ice beast
  3897 | D:5      | Killed an ice beast
  3898 | D:5      | Reached skill level 6 in Armour
  3898 | D:5      | Reached XP level 7. HP: 29/61 MP: 6/6
  4273 | D:5      | Gained mutation: Your spells are a little easier to cast,
                  | but a little less powerful. [potion of mutation]
  4273 | D:5      | Gained mutation: You possess an exceptional clarity of
                  | mind. [potion of mutation]
  4273 | D:5      | Gained mutation: You are dopey. (Int -2) [potion of
                  | mutation]
  4273 | D:5      | Gained mutation: You are covered in fur. (AC +1) [potion of
                  | mutation]
  4279 | D:5      | Lost mutation: Your spells are a little easier to cast, but
                  | a little less powerful. [potion of mutation]
  4279 | D:5      | Lost mutation: You are covered in fur. (AC +1) [potion of
                  | mutation]
  4279 | D:5      | Gained mutation: You are very dopey. (Int -4) [potion of
                  | mutation]
  4280 | D:5      | Lost mutation: You are very dopey. (Int -4) [potion of
                  | mutation]
  4280 | D:5      | Lost mutation: You are dopey. (Int -2) [potion of mutation]
  4280 | D:5      | Gained mutation: You are robust. (+10% HP) [potion of
                  | mutation]
  4280 | D:5      | Gained mutation: You are agile. (Dex +4, Str/Int -1)
                  | [potion of mutation]
  4324 | D:6      | Noticed Edmund
  4349 | D:6      | Killed Edmund
  4569 | D:6      | Noticed a steam dragon
  4579 | D:6      | Killed a steam dragon
  4580 | D:6      | Reached skill level 5 in Maces & Flails
  4678 | D:6      | Found Meul's Antique Weapon Boutique.
  4720 | D:6      | Found Rovvun's Distillery.
  4721 | D:6      | Found Noymohah's Antique Weapon Shop.
  4731 | D:6      | Bought a potion of degeneration for 15 gold pieces
  4754 | D:6      | Reached XP level 8. HP: 71/78 MP: 7/7
  4785 | D:6      | Reached skill level 7 in Armour
  4785 | D:6      | Reached skill level 5 in Shields
  4796 | D:6      | Found Xeotubbi's General Store.
  4836 | D:6      | HP: 1/76 [ogre/+0 giant club (27)]
  4837 | D:6      | Slain by a wight

Illustrated notes

Levels and vault maps discovered:
D:1:      dpeg_arrival_simpleton_c, layout_basic,
          dreamdust_ecumenical_altar_statues, serial_shops, shop,
          nicolae_diamond_shop, nicolae_lakefront_shop, shop
D:2:      layout_basic, serial_bayou_crossing, uniq_crazy_yiuf_cottage
D:3:      layout_basic, hangedman_decor_growths, kennysheep_generic_room_3
D:4:      layout_loops_ring
D:5:      layout_gridville
D:6:      layout_rooms, serial_shops, nicolae_shop_competitors_out_of_business,
          nicolae_diamond_shop, nicolae_shop_statue_plus, shop,
          minmay_misc_feat_cross, nicolae_wooded_promenade, uniq_duvessa,
          uniq_edmund

Skill      XL: |  1  2  3  4  5  6  7  8 |
---------------+-------------------------+-----
Fighting       | 4 5 6 |  6.8
Armour         | 4 5 6 7 |  7.2
Shields        | 4 5 |  5.1
Axes           | 3 |  3.4
Maces & Flails | 1 2 4 5 6 |  6.0
Dodging        | 1 2 |  2.5
Stealth        | |  0.4

Action                   |  1- 3 |  4- 6 |  7- 9 || total
-------------------------+-------+-------+-------++-------
Melee: War axe           |    74 |       |       ||    74
       Headbutt          |     7 |    14 |    23 ||    44
       Mace              |       |   129 |    82 ||   211
  Use: Potion            |     1 |       |    10 ||    11
       Scroll            |       |       |    12 ||    12
Armor: Scale mail        |    29 |    87 |    50 ||   166
Dodge: Dodged            |    25 |    59 |    42 ||   126
Block: Buckler           |    20 |    24 |    27 ||    71
